 Dungeon Crawl Stone Soup version 0.22.1-6-g1668fe2 (webtiles) character file.

796 brainwave the Slasher (level 7, -1/93 HPs)
             Began as a Minotaur Berserker on Jan 28, 2019.
             Was a Priest of Trog.
             Slain by a rat (3 damage)
             ... summoned by Eustachio
             ... on level 4 of the Dungeon.
             The game lasted 00:40:35 (4342 turns).

brainwave the Slasher (Minotaur Berserker)          Turns: 4342, Time: 00:40:38

Health: -1/93      AC:  3    Str: 29    XL:     7   Next: 58%
Magic:  6/6        EV: 13    Int:  4    God:    Trog [***...]
Gold:   133        SH:  0    Dex:  9    Spells: 6/6 levels left

rFire    . . .     SeeInvis .   a - +0 falchion
rCold    . . .     Gourm    .   (no shield)
rNeg     . . .     Faith    .   g - +0 leather armour
rPois    .         Spirit   .   (helmet restricted)
rElec    .         Reflect  .   (no cloak)
rCorr    .         Harm     .   (no gloves)
MR       ++...                  (no boots)
Stlth    ..........             (no amulet)
HPRegen  1.25/turn              (no ring)
MPRegen  0.10/turn              (no ring)

@: berserking, lethally poisoned (-1 -> -1), regenerating, very quick
A: retaliatory headbutt, horns 2
a: Berserk, Trog's Hand, Renounce Religion


You were on level 4 of the Dungeon.
You worshipped Trog.
Trog was most pleased with you.
You were not hungry.

You visited 1 branch of the dungeon, and saw 4 of its levels.

You collected 133 gold pieces.

Inventory:

Hand Weapons
 a - a +0 falchion (weapon)
 f - a +3 scimitar of freezing
 k - a +0 war axe
 p - a +1 dagger of draining
 s - a +2 short sword of venom
 x - a +0 hand axe of chopping
 y - a +0 whip
Missiles
 e - 9 poisoned needles
 j - 39 arrows
 l - 18 bolts
 u - 2 tomahawks (quivered)
Armour
 b - a +0 animal skin
 g - a +0 leather armour (worn)
 m - a +0 chain mail
 t - a +0 robe
 w - a +0 scale mail
 z - a +1 robe of the Archmagi
 A - a +0 leather armour
Jewellery
 o - an uncursed amulet of harm {unknown}
Wands
 q - a wand of paralysis (7)
Scrolls
 d - a scroll of teleportation
 v - a scroll of remove curse
 C - a scroll of magic mapping


   Skills:
 + Level 5.8 Fighting
 + Level 7.0 Long Blades
 + Level 5.3 Armour
 + Level 4.3 Dodging
 + Level 1.5 Stealth


You had 6 spell levels left.
You didn't know any spells.
Your spell library was empty.

Dungeon Overview and Level Annotations

Branches:
Dungeon (4/15)
 Temple: D:4-7

Altars:
Qazlal
Trog
Xom

Annotations:
D:3 1 transporter
D:4 Dowan, Duvessa, Eustachio, Grinder


Innate Abilities, Weirdness & Mutations

You reflexively headbutt those who attack you in melee.
You have a pair of horns on your head.


Message History

The rat's corpse disappears in a puff of smoke!
The frilled lizard hisses angrily.
You hit Eustachio.
Eustachio is heavily wounded.
The bat barely misses you. You furiously retaliate!
You headbutt the bat!
You kill the bat!
The bat's corpse disappears in a puff of smoke!
The worker ant bites you.
* * * LOW HITPOINT WARNING * * *
The rat barely misses you. Eustachio closely misses you.
You riposte.
You miss Eustachio.
Eustachio is heavily wounded.
The frilled lizard hisses.
You hit the worker ant.
You kill the worker ant!
Trog accepts your kill.
You feel your dexterity returning.
Your Long Blades skill increases to level 7!
The rat bites you.
You die...

#..#....##..##.
###....##..>..##.
##..l..######...#.### #
#........## #.§.....
#.##..(......#####..#...
..............#. ...e.
#..........#....##.s.
...#..)§@.............<.
......)@§.............##
...#....r.....#.$.##..
...........[.##...##..
..##......(.......#o.#
....................#
..#........(.#...##
.............(# ###
..##..........#
##....(...##


You could see Eustachio, a frilled lizard and a rat.

Vanquished Creatures
  An ogre (D:4)
  Blork the orc (D:4)
  A scorpion (D:4)
  3 wights (D:3)
  An orc priest (D:3)
  A hound (D:3)
  A centaur skeleton (D:4)
  5 orc wizards (D:3)
  An iguana (D:4)
  2 worker ants (D:4)
  5 adders
  5 worms (D:3)
  3 dart slugs
  7 leopard geckos
  20 orcs
  A ball python (D:1)
  6 bats
  7 giant cockroaches
  3 goblins
  8 hobgoblins
  2 jackals (D:1)
  2 kobolds
  2 quokkas (D:3)
  A ball python skeleton (D:2)
  3 frilled lizards (D:2)
  4 rats
  2 plants (D:3)
98 creatures vanquished.

Notes
Turn   | Place    | Note
-------+----------+-------------------------------------------
     0 | D:1      | brainwave the Minotaur Berserker began the quest for the
                  | Orb.
     0 | D:1      | Reached XP level 1. HP: 19/19 MP: 0/0
    98 | D:1      | Reached XP level 2. HP: 25/27 MP: 1/1
   138 | D:1      | Reached skill level 4 in Long Blades
   520 | D:2      | Reached XP level 3. HP: 31/33 MP: 2/2
   840 | D:2      | Found a shimmering altar of Xom.
   972 | D:2      | Reached ** piety under Trog
  1351 | D:2      | Reached XP level 4. HP: 40/41 MP: 3/3
  2262 | D:3      | Found a transporter.
  2283 | D:3      | Found a bloodstained altar of Trog.
  2294 | D:3      | Reached skill level 5 in Long Blades
  2299 | D:3      | Reached XP level 5. HP: 40/47 MP: 4/4
  2349 | D:3      | Reached skill level 5 in Fighting
  2574 | D:3      | Found a stormy altar of Qazlal.
  2598 | D:3      | Reached XP level 6. HP: 53/56 MP: 5/5
  3006 | D:3      | Found a transporter.
  3219 | D:3      | Reached *** piety under Trog
  3433 | D:3      | Reached skill level 6 in Long Blades
  3435 | D:3      | Reached skill level 1 in Stealth
  3696 | D:4      | Noticed Duvessa
  3696 | D:4      | Noticed Dowan
  3774 | D:3      | Reached skill level 5 in Armour
  3942 | D:4      | Reached XP level 7. HP: 30/61 MP: 6/6
  4273 | D:4      | Noticed Grinder
  4286 | D:4      | Noticed Eustachio
  4287 | D:4      | Noticed Blork the orc
  4339 | D:4      | Killed Blork the orc
  4339 | D:4      | HP: 3/93 [Eustachio/rapier (5)]
  4339 | D:4      | HP: 1/93 [crimson imp[Eustachio] (2)]
  4342 | D:4      | Reached skill level 7 in Long Blades
  4342 | D:4      | Slain by a rat

Skill      XL: |  1  2  3  4  5  6  7 |
---------------+----------------------+-----
Long Blades    | 4 5 6 7 |  7.0
Fighting       | 4 5 |  5.8
Armour         | 3 4 5 |  5.3
Dodging        | 3 4 |  4.3
Stealth        | 1 |  1.5

Action                   |  1- 3 |  4- 6 |  7- 9 || total
-------------------------+-------+-------+-------++-------
Melee: Falchion          |    64 |   189 |    71 ||   324
       Headbutt          |    11 |    44 |     9 ||    64
Invok: Berserk           |       |     1 |     2 ||     3
       Trog's Hand       |       |       |     1 ||     1
  Use: Potion            |       |     4 |     3 ||     7
       Scroll            |       |     6 |     3 ||     9
  Eat: Ration            |     1 |     2 |     2 ||     5
       Chunk             |       |       |     1 ||     1
Armor: Animal skin       |     1 |       |       ||     1
       Leather armour    |    18 |    27 |    10 ||    55
       Skin              |       |       |   168 ||   168
Dodge: Dodged            |    37 |    76 |    70 ||   183
       Rpst.: Falchion   |    10 |    21 |    19 ||    50
